 Dungeon Crawl Stone Soup version 0.20.0-6-gd3061e9 (webtiles) character file.

122 SedStubbie the Digger (level 4, -3/33 HPs)
             Began as a Demigod Earth Elementalist on May 28, 2017.
             Slain by an orc
             ... wielding a +2 mace of draining
              (8 damage)
             ... on level 2 of the Dungeon.
             The game lasted 00:07:08 (2101 turns).

SedStubbie the Digger (Demigod Earth Elementalist)  Turns: 2101, Time: 00:07:09

Health: -3/33      AC:  4    Str: 11    XL:     4   Next: 50%
Magic:  2/10       EV: 12    Int: 21    God:
Gold:   106        SH:  0    Dex: 16    Spells: 3/7 levels left

rFire    . . .     SeeInvis .   i - +0 halberd
rCold    + + .     Gourm    .   (shield currently unavailable)
rNeg     . . .     Faith    .   c - +0 robe
rPois    +         Spirit   .   (no helmet)
rElec    +         Reflect  .   (no cloak)
rCorr    +         Harm     .   g - +0 pair of gloves
MR       .....                  n - +0 pair of boots
Stlth    ++........             (no amulet)
Regen    0.2/turn               a - ring of poison resistance
MPRegen  0.2/turn               o - ring of ice

@: resistant, drained
A: high mp 1
a: no special abilities


You were on level 2 of the Dungeon.
You were not hungry.

You visited 1 branch of the dungeon, and saw 3 of its levels.

You collected 106 gold pieces.

Inventory:

Hand Weapons
 i - a +0 halberd (weapon)
Missiles
 b - 55 stones (quivered)
Armour
 c - a +0 robe (worn)
 g - a +0 pair of gloves (worn)
 n - a +0 pair of boots (worn)
Jewellery
 a - a ring of poison resistance (left hand)
 o - a ring of ice (right hand)
Scrolls
 f - 2 scrolls of immolation
 h - 4 scrolls of identify
Potions
 l - 2 potions of mutation
 m - a potion of flight {unknown}
 p - a potion of brilliance {unknown}
 q - a potion of magic {unknown}
 s - a potion of curing {unknown}
Books
 e - a book of Geomancy

   Spells                             Type                      Level
   a - Sandblast                      Earth                        1
   b - Passwall                       Transmutation/Earth          2
   c - Stone Arrow                    Conjuration/Earth            3
   d - Petrify                        Transmutation/Earth          4
   e - Lee's Rapid Deconstruction     Earth                        5
Comestibles
 d - 3 bread rations
 j - a meat ration
 k - a fruit


   Skills:
 + Level 2.8(1.8) Dodging
 - Level 1.7(0.7) Stealth
 + Level 2.3(1.3) Spellcasting
   Level 0.8(0.0) Transmutations
 * Level 4.1(3.0) Earth Magic


You had 3 spell levels left.
You knew the following spells:

 Your Spells              Type           Power        Failure   Level  Hunger
a - Sandblast             Erth           ##....       4%          1    ##.....
b - Stone Arrow           Conj/Erth      #.....       26%         3    ####...


Dungeon Overview and Level Annotations

Branches:
Dungeon (3/15)


Innate Abilities, Weirdness & Mutations

You have an increased reservoir of magic. (+10% MP)


Message History

The orc hits you with a mace of draining.
You feel drained.
You closely miss the orc.
The orc is moderately wounded.
The orc hits you but does no damage.
You feel drained.
The orc priest shouts!
There is an escape hatch in the ceiling here.
The orc barely misses you. A mysterious force pulls you upwards.
The hatch slams shut behind you.
An adder comes into view.
The adder hisses angrily.
The orc hits you with a mace of draining.
* * * LOW HITPOINT WARNING * * *
You feel drained.
* * * LOW HITPOINT WARNING * * *
You see here a robe.
It was a potion of resistance.
You feel protected.
The orc hits you with a mace of draining!
You die...

.......#####..###
........####...#####
........+..........#
........####...###.#
.......## #.[.# #.#
#..>..## ###S###.#
##...## #.....#
##+## ###o### #.####
#@# #....#########.#
##..............#
##.....###########
#.....## ##....#
###.#.# ......#
#######


You could see an adder and an orc.

Vanquished Creatures
  A gnoll (D:1)
  7 adders
  A worm (D:3)
  A dart slug (D:1)
  2 leopard geckos
  3 bats
  5 giant cockroaches
  4 goblins
  5 hobgoblins
  2 jackals (D:3)
  A quokka (D:3)
  2 frilled lizards
  6 kobolds
  5 rats
45 creatures vanquished.

Notes
Turn   | Place    | Note
-------+----------+-------------------------------------------
     0 | D:1      | SedStubbie the Demigod Earth Elementalist began the quest for the Orb.
     0 | D:1      | Reached XP level 1. HP: 14/14 MP: 5/5
   148 | D:1      | Reached skill level 3 in Earth Magic
   267 | D:1      | Reached XP level 2. HP: 20/20 MP: 5/7
  1040 | D:2      | Reached XP level 3. HP: 26/26 MP: 8/8
  1752 | D:3      | Reached XP level 4. HP: 33/33 MP: 10/10
  1815 | D:3      | Reached skill level 4 in Earth Magic
  1992 | D:3      | Learned a level 3 spell: Stone Arrow
  2101 | D:2      | Slain by an orc

Skill      XL: |  1  2  3  4 |
---------------+-------------+-----
Dodging        | 2 |  2.8
Earth Magic    | 3 4 |  4.1
Spellcasting   | 2 |  2.3
Stealth        | |  1.7
Transmutations | |  0.8

Action                   |  1- 3 |  4- 6 || total
-------------------------+-------+-------++-------
Melee: Halberd           |    51 |    23 ||    74
 Cast: Sandblast         |    23 |    11 ||    34
       Stone Arrow       |       |     2 ||     2
  Use: Scroll            |     4 |       ||     4
       Potion            |       |     1 ||     1
 Stab: Sleeping          |     9 |     2 ||    11
       Distracted        |     1 |       ||     1
  Eat: Chunk             |     2 |     2 ||     4
Armor: Robe              |    13 |    12 ||    25
Dodge: Dodged            |    32 |    20 ||    52
